 Dungeon Crawl Stone Soup version 0.31-a0-1009-g454b1f1e0a (webtiles) character file.

Game seed: 14294570029957840595

455 Nedwor the Cutter (level 6, -10/48 HPs)
             Began as a Demonspawn Gladiator on Nov 14, 2023.
             Mangled by an ogre
             ... wielding a +0 giant spiked club
              (20 damage)
             ... on level 5 of the Dungeon.
             The game lasted 00:04:54 (3777 turns).

Nedwor the Cutter (Demonspawn Gladiator)            Turns: 3777, Time: 00:04:55

Health: -10/48     AC:  4    Str: 14    XL:     6   Next: 76%
Magic:  6/6        EV: 13    Int: 11    God:
Gold:   205        SH:  0    Dex: 17    Spells: 5/5 levels left

rFire   + . .        a - +1 rapier (venom)
rCold   . . .        (no shield)
rNeg    . . .        b - +0 leather armour
rPois   .            c - +0 helmet
rElec   .            (no cloak)
rCorr   .            (no gloves)
SInv    .            (no boots)
Will    .....        (no amulet)
Stlth   +            l - ring of protection from fire
HPRegen 0.28/turn    (no ring)
MPRegen 0.10/turn

%: no passive effects
@: no status effects
A: powered by death 1, spiny 2, big brain 1
a: no special abilities


You were on level 5 of the Dungeon.
You visited 1 branch of the dungeon, and saw 5 of its levels.

You collected 205 gold pieces.

Inventory:

Hand Weapons
 a - a +1 rapier of venom (weapon)
Missiles
 d - 3 throwing nets (quivered)
 e - a javelin
Armour
 b - a +0 leather armour (worn)
 c - a +0 helmet (worn)
Jewellery
 k - an amulet of magic regeneration
 l - a ring of protection from fire (left hand)
Scrolls
 n - 2 scrolls of enchant weapon
Potions
 f - a potion of cancellation
 g - a potion of ambrosia
 h - 3 potions of curing
 i - 2 potions of attraction
 j - 3 potions of brilliance
 m - a potion of enlightenment {unknown}


   Skills:
 + Level 4.0 Fighting
 * Level 5.3 Short Blades
 - Level 1.7 Throwing
 + Level 4.1 Dodging


You had 5 spell levels left.
You didn't know any spells.
Your spell library contained the following spells:

 Spells                   Type           Power      Damage    Failure   Level
 Ensorcelled Hibernation  Hex/Ice        0%         N/A       56%         2
 Jinxbite                 Hex            0%         N/A       56%         2
 Poisonous Vapours        Pois/Air       0%         N/A       56%         2
 Dazzling Flash           Conj/Hex       0%         N/A       80%         3
 Mephitic Cloud           Conj/Pois/Air  0%         N/A       80%         3
 Tukima's Dance           Hex            0%         N/A       80%         3
 Volatile Blastmotes      Fire/Tloc      0%         2d10      80%         3
 Anguish                  Hex/Necr       0%         N/A       99%         4
 Passage of Golubria      Tloc           0%         N/A       99%         4
 Vhi's Electric Charge    Tloc/Air       0%         N/A       99%         4
 Arcjolt                  Conj/Air       0%         1d10      100%        5
 Freezing Cloud           Conj/Ice/Air   0%         6-21      100%        5
 Yara's Violent Unravell  Hex/Tmut       0%         3d3       100%        5
 Starburst                Conj/Fire      0%         6d3       100%        6
 Maxwell's Capacitive Co  Air            0%         ∞         100%        8


Dungeon Overview and Level Annotations

Branches:
Dungeon (5/15)
 Temple: D:4-7

Altars:
Hepliaklqana
Makhleb
Nemelex Xobeh
Sif Muna
Vehumet


Innate Abilities, Weirdness & Mutations

You regenerate a little health from kills.
You are mostly covered in sharp spines.
You have an unusually large brain. (Int +2)


Message History

The scorpion stings you.
You hit the scorpion but do no damage.
The scorpion is poisoned.
The scorpion is heavily wounded.
You feel sick. The ogre is struck by your spines. The ogre barely misses you.
The scorpion stings you.
You closely miss the scorpion.
The scorpion is severely wounded.
You feel sick. The scorpion is struck by your spines. The scorpion misses you.
The ogre completely misses you.
You are too injured to fight recklessly!
You are too injured to fight recklessly!
You are too injured to fight recklessly!
You are too injured to fight recklessly!
You are too injured to fight recklessly!
You are too injured to fight recklessly!
You are too injured to fight recklessly!
You are too injured to fight recklessly!
You are too injured to fight recklessly!
You are too injured to fight recklessly!
You are too injured to fight recklessly!
You feel sick.
You kill the scorpion!
Your Fighting skill increases to level 4!
You feel sick.
You feel sick.
The ogre hits you with a +0 giant spiked club!
* * * LOW HITPOINT WARNING * * *
You hit the ogre but do no damage.
The ogre is moderately wounded.
You feel sick.
You barely miss the ogre. Your punch misses the ogre.
The ogre is moderately wounded.
You feel sick. The ogre barely misses you.
You completely miss the ogre.
The ogre is moderately wounded.
You feel sick.
You are no longer poisoned.
The ogre is struck by your spines.
The ogre hits you with a +0 giant spiked club!!
You die...

#.........
#.########
### #.#
#...##.#
#......#
#...##.#
##. #.# #
#.# #@#
#O#
#....†#
####..#
#..# #..#
#..# #..#
...#


You could see an ogre.

Vanquished Creatures
  A phantom (D:4)
  A bullfrog (D:4)
  A scorpion (D:5)
  A howler monkey (D:3)
  An iguana (D:3)
  4 gnolls
  6 adders
  A worm (D:4)
  2 dart slugs (D:3)
  4 orcs
  7 bats
  11 endoplasms
  3 giant cockroaches
  11 hobgoblins
  A jackal (D:2)
  2 quokkas
  7 ball pythons
  8 frilled lizards
  8 goblins
  9 kobolds
  8 rats
97 creatures vanquished.

Notes
Turn   | Place    | Note
-------+----------+-------------------------------------------
     0 | D:1      | Nedwor the Demonspawn Gladiator began the quest for the
                  | Orb.
     0 | D:1      | Reached XP level 1. HP: 16/16 MP: 1/1
   359 | D:1      | Reached skill level 3 in Short Blades
   365 | D:1      | Gained mutation: You are partially covered in sharp spines.
                  | [demonic ancestry]
   365 | D:1      | Reached XP level 2. HP: 12/22 MP: 2/2
  1193 | D:2      | You fall into a shaft and drop 1 floor!
  1402 | D:2      | Found a burning altar of Makhleb.
  1444 | D:2      | Gained mutation: You regenerate a little health from kills.
                  | [demonic ancestry]
  1444 | D:2      | Reached XP level 3. HP: 28/28 MP: 3/3
  1475 | D:2      | Identified the +0 dagger "Wagosa" {drain, rF+ rN+ Int+4}
  1530 | D:3      | Gained mutation: You are mostly covered in sharp spines.
                  | [demonic ancestry]
  1530 | D:3      | Reached XP level 4. HP: 24/34 MP: 4/4
  1841 | D:2      | Reached skill level 4 in Short Blades
  2219 | D:2      | Reached XP level 5. HP: 39/41 MP: 5/5
  2376 | D:3      | Found a radiant altar of Vehumet.
  2498 | D:3      | Found a hazy altar of Hepliaklqana.
  2624 | D:3      | Found a sparkling altar of Nemelex Xobeh.
  2988 | D:4      | Identified the "Reugoof"
  2999 | D:4      | Gained mutation: You have an unusually large brain. (Int
                  | +2) [demonic ancestry]
  2999 | D:4      | Reached XP level 6. HP: 47/47 MP: 6/6
  3013 | D:4      | Identified the +5 mace of Big Damage {pain, Str+6 Int-5}
  3133 | D:4      | Reached skill level 5 in Short Blades
  3243 | D:4      | Found a shimmering blue altar of Sif Muna.
  3750 | D:5      | Entered Level 5 of the Dungeon
  3777 | D:5      | Mangled by an ogre

Illustrated notes

Levels and vault maps discovered:
D:1:      onia_arrival_handbag, layout_basic, chequers_serial_rivers_micro_a,
          corexii_corridor_pit
D:2:      minmay_chambers_of_twos, layout_basic, basic_altar
D:3:      minmay_razor_zed, layout_basic, lemuel_round_altar,
          nicolae_vehumet_radiance, marbit_many_paths, feat_on_display
D:4:      layout_rooms, led_sif_book
D:5:      layout_loops_ring, mainiacjoe_overflow_cross_hatched, uniq_ijyb,
          uniq_duvessa

Skill      XL: |  1  2  3  4  5  6 |
---------------+-------------------+-----
Short Blades   | 3 4 5 |  5.3
Dodging        | 3 4 |  4.1
Fighting       | 3 4 |  4.0
Throwing       | |  1.7

Action                     |  1- 3 |  4- 6 || total
---------------------------+-------+-------++-------
  Melee: Rapier            |    84 |    97 ||   181
         Dagger            |       |    11 ||    11
    Use: Scroll            |       |    12 ||    12
   Stab: Sleeping          |     2 |     1 ||     3
 Armour: Leather armour    |    34 |    48 ||    82
  Dodge: Dodged            |    51 |    66 ||   117

Table legend: (Time is in decaauts)
 A = Elapsed time spent in this place.
 B = Non-inter-level travel time spent in this place.
 C = Inter-level travel time spent in this place.
 D = Time resting spent in this place.
 E = Time spent auto-exploring this place.
 F = Levels seen in this place.
 G = Mean time per level.
                   A        B        C        D        E       F      G
               +--------+--------+--------+--------+--------+-----+--------+
         Total |   3777 |   3633 |    144 |    832 |   2213 |   5 |  755.4 |
       Dungeon |   3777 |   3633 |    144 |    832 |   2213 |   5 |  755.4 |
               +--------+--------+--------+--------+--------+-----+--------+

Top non-repeatable levels by time:
     D:1: 1163 daAuts
     D:3: 1080 daAuts
     D:4: 759 daAuts
     D:2: 747 daAuts
     D:5: 26 daAuts
